 Dungeon Crawl Stone Soup version 0.24.0-37-gcf1ca852f1 (webtiles) character file.

Game seed: 13487038354846935533, levelgen mode: deterministic

86 Kiux97 the Conjurer (level 4, -1/24 HPs)
             Began as a Tengu Conjurer on Dec 7, 2019.
             Was an Initiate of Wu Jian.
             Killed from afar by an orc wizard (4 damage)
             ... with a puff of flame
             ... on level 3 of the Dungeon.
             The game lasted 00:26:42 (3160 turns).

Kiux97 the Conjurer (Tengu Conjurer)                Turns: 3160, Time: 00:26:45

Health: -1/24      AC:  2    Str:  8    XL:     4   Next: 49%
Magic:  7/8        EV: 13    Int: 16    God:    Wu Jian [......]
Gold:   150        SH:  0    Dex: 17    Spells: 6/7 levels left

rFire    . . .     SeeInvis .   i - +0 whip
rCold    . . .     Gourm    .   (no shield)
rNeg     . . .     Faith    .   a - +0 robe
rPois    .         Spirit   .   (helmet restricted)
rElec    .         Reflect  .   (no cloak)
rCorr    .         Harm     .   (no gloves)
MR       .....     Clarity  +   (boots unavailable)
Stlth    ++........             (no amulet)
HPRegen  0.08/turn              (no ring)
MPRegen  0.11/turn              (no ring)

@: no status effects
A: beak, talons 3, agile 1, clarity
a: Renounce Religion


You were on level 3 of the Dungeon.
You worshipped Wu Jian.
Wu Jian was noncommittal.
You were not hungry.

You visited 1 branch of the dungeon, and saw 3 of its levels.

You collected 150 gold pieces.

Inventory:

Hand Weapons
 b - a +0 dagger
 e - a +0 hand axe
 i - a +0 whip (weapon)
 j - a +0 dagger
 k - a +0 club
 l - a +0 dagger
 m - a +0 club
 o - a +0 short sword
 p - a +0 quarterstaff
 q - a +0 dagger
 r - a +0 short sword
 s - a +0 club
 t - a +0 whip
Missiles
 u - 17 arrows
Armour
 a - a +0 robe (worn)
 f - a +0 robe
 g - a +0 robe
 n - a +0 robe
Wands
 d - a wand of flame (9)
Potions
 h - a potion of agility {unknown}
Comestibles
 c - 6 rations


   Skills:
 + Level 0.4 Fighting
 + Level 1.3 Maces & Flails
 + Level 2.3 Dodging
 + Level 2.5 Stealth
 + Level 2.4 Spellcasting
 + Level 6.5 Conjurations


You had 6 spell levels left.
You knew the following spells:

 Your Spells              Type           Power        Failure   Level  Hunger
a - Magic Dart            Conj           ###.         1%          1    #......

Your spell library contained the following spells:

 Spells                   Type           Power        Failure   Level  Hunger
 Searing Ray              Conj           ###...       1%          2    ###....
 Iskenderun's Mystic Bla  Conj           ###.....     14%         4    #####..
 Dazzling Spray           Conj/Hex       ##....       16%         3    ###....
 Force Lance              Conj/Tloc      ##......     45%         4    #####..
 Fulminant Prism          Conj/Hex       ##........   45%         4    #####..


Dungeon Overview and Level Annotations

Branches:
Dungeon (3/15)

Altars:
Vehumet
Wu Jian
Xom

Annotations:
D:3 1 runed translucent door, Goreval's ghost, amateur TeAE


Innate Abilities, Weirdness & Mutations

You have a beak for a mouth.
You have claws for feet.
You are agile. (Dex +2)
You possess an exceptional clarity of mind.


Message History

You hear a shout!
You barely miss the hobgoblin.
The hobgoblin is almost dead.
An orc comes into view. It is wielding a +0 mace.
The orc wizard casts a spell at you. The magic dart hits you.
* * * LOW HITPOINT WARNING * * *
The hobgoblin hits you with a +0 club.
* * * LOW HITPOINT WARNING * * *
Unknown command.
Aiming: Throw Flame
Press: ? - help, Shift-Dir - straight line, f - hobgoblin
Aim: a hobgoblin, wielding a +0 club (almost dead)
The puff of flame hits the hobgoblin.
You kill the hobgoblin!
The Council accepts your kill.
An orc comes into view.
The orc wizard casts a spell at you. The puff of flame hits you.
You die...

#######.####..##⌠##..
.......†.##..##...##..#
#######.)##.##.....##.#
#....#.#⌠.%♣!.⌠#.#
#...[..##..!..##.#
#.......##...##..##
##.......##W##....#
##.......#+#.....#
#....#..)@..#. #
#....#.##.#..o..# .
####.#.##...#...# #
#...###.....oo # #....
......# ## #.... ...._.
<# #.... ###### ##
#..... #


You could see an orc wizard, Goreval's ghost and 2 orcs.

Vanquished Creatures
  An adder (D:2)
  2 worms (D:2)
  2 dart slugs
  A leopard gecko (D:2)
  7 orcs
  4 giant cockroaches
  8 goblins
  5 hobgoblins
  3 jackals (D:2)
  A quokka (D:3)
  3 bats
  6 frilled lizards
  9 kobolds
  6 rats
58 creatures vanquished.

Notes
Turn   | Place    | Note
-------+----------+-------------------------------------------
     0 | D:1      | Kiux97 the Tengu Conjurer began the quest for the Orb.
     0 | D:1      | Reached XP level 1. HP: 10/10 MP: 4/4
   398 | D:1      | Reached XP level 2. HP: 10/15 MP: 4/6
   505 | D:1      | Reached skill level 6 in Conjurations
   993 | D:2      | Reached XP level 3. HP: 15/19 MP: 1/7
  1605 | D:2      | Reached XP level 4. HP: 8/24 MP: 5/8
  1614 | D:2      | Gained mutation: You are agile. (Dex +2) [potion of
                  | mutation]
  1614 | D:2      | Gained mutation: You possess an exceptional clarity of
                  | mind. [potion of mutation]
  1626 | D:2      | HP: 1/24 [poisoned by an adder]
  1918 | D:2      | Found an ornate altar of the Wu Jian Council.
  1947 | D:2      | Became a worshipper of the Wu Jian Council
  2529 | D:3      | Found a shimmering altar of Xom.
  2529 | D:3      | Found a shimmering altar of Xom.
  2529 | D:3      | Found a shimmering altar of Xom.
  2530 | D:3      | Found a shimmering altar of Xom.
  2932 | D:3      | Reached skill level 1 in Maces & Flails
  3144 | D:3      | Found a runed translucent door.
  3144 | D:3      | Noticed Goreval's ghost (amateur TeAE)
  3154 | D:3      | Found a radiant altar of Vehumet.
  3160 | D:3      | Killed from afar by an orc wizard

Levels and vault maps discovered:
D:1:      lemuel_arrival_hallway, layout_basic
D:2:      cheibrodos_old_hovel, layout_basic, lemuel_crystal_altar, first_ration
D:3:      layout_basic, xom_redecorated, overflow_temple_1_default,
          hellmonk_ghost_happy_afterlife, minmay_misc_feat_chi,
          chequers_serial_rivers_micro_e, minmay_circle_x

Skill      XL: |  1  2  3  4 |
---------------+-------------+-----
Conjurations   | 6 |  6.5
Maces & Flails | 1 |  1.3
Fighting       | |  0.4
Dodging        | |  2.3
Stealth        | |  2.5
Spellcasting   | |  2.4

Action                   |  1- 3 |  4- 6 || total
-------------------------+-------+-------++-------
Melee: Hand axe          |     3 |       ||     3
       Peck              |     6 |     4 ||    10
       Whip              |    54 |    31 ||    85
       Kick              |    15 |     9 ||    24
 Cast: Magic Dart        |    69 |    12 ||    81
Invok: Lunge             |       |     3 ||     3
Evoke: Wand              |       |     6 ||     6
  Use: Scroll            |     3 |     5 ||     8
       Potion            |       |     2 ||     2
 Stab: Sleeping          |     1 |     4 ||     5
  Eat: Ration            |     1 |     1 ||     2
       Chunk             |     1 |       ||     1
Armor: Robe              |     9 |     6 ||    15
Dodge: Dodged            |    43 |    13 ||    56
